 Dungeon Crawl Stone Soup version 0.30-a0-269-gf0224bf7b6 (webtiles) character file.

Game seed: 8881318422508763958

266 purpskrrrp the Ruffian (level 6, -1/62 HPs)
             Began as a Troll Chaos Knight on Oct 14, 2022.
             Was a Plaything of Xom.
             Slain by a lemure (5 damage)
             ... led by Pikel
             ... on level 5 of the Dungeon.
             The game lasted 00:02:44 (1637 turns).

purpskrrrp the Ruffian (Troll Chaos Knight)         Turns: 1637, Time: 00:02:44

Health: -1/62      AC:  6    Str: 23    XL:     6   Next: 0%
Magic:  5/5        EV: 10    Int:  8    God:    Xom [..*...]
Gold:   147        SH:  0    Dex:  9    Spells: 5/5 levels left

rFire   . . .      SeeInvis .      - Unarmed
rCold   . . .      Faith    .    (no shield)
rNeg    . . .      Spirit   .    a - +2 robe
rPois   .          Reflect  .    (helmet restricted)
rElec   .          Harm     .    (no cloak)
rCorr   .          Rampage  .    (gloves unavailable)
Will    .....                    (boots unavailable)
Stlth   +.........               (no amulet)
HPRegen 1.10/turn                (no ring)
MPRegen 0.09/turn                (no ring)

@: no status effects
A: large, unfitting armour, claws 3, regeneration 1, shaggy fur 1, tough skin 1
a: Renounce Religion


You were on level 5 of the Dungeon.
You worshipped Xom.
You were a toy of Xom.
You visited 1 branch of the dungeon, and saw 5 of its levels.

You collected 147 gold pieces.

Inventory:

Armour
 a - a +2 robe (worn)
Jewellery
 m - a ring of positive energy
 s - a +4 ring of protection
Scrolls
 c - 4 scrolls of identify {unknown}
 e - a scroll of immolation {unknown}
 h - a scroll of blinking {unknown}
 i - 2 scrolls of amnesia {unknown}
 k - a scroll of noise {unknown}
 n - a scroll of fear {unknown}
 p - a scroll of acquirement {unknown}
 q - a scroll of silence {unknown}
Potions
 d - a potion of curing
 f - a potion of lignification {unknown}
 g - a potion of haste {unknown}
 j - a potion of berserk rage {unknown}
 l - 2 potions of attraction {unknown}
 o - a potion of resistance {unknown}
 r - 2 potions of might {unknown}
Miscellaneous
 b - a piece from Xom's chessboard (inert) (quivered)


   Skills:
 + Level 3.7 Fighting
 + Level 3.4 Dodging
 + Level 4.5 Unarmed Combat


You had 5 spell levels left.
You didn't know any spells.
Your spell library contained the following spells:

 Spells                   Type           Power      Damage    Failure   Level
 Gell's Gravitas          Tloc           0%         N/A       78%         3
 Lesser Beckoning         Tloc           0%         N/A       78%         3
 Teleport Other           Tloc           0%         N/A       78%         3


Dungeon Overview and Level Annotations

Branches:
Dungeon (5/15)
 Temple: D:4-7

Altars:

Annotations:
D:5 Pikel


Innate Abilities, Weirdness & Mutations

You are too large for most types of armour.
You have claws for hands.
Your natural rate of healing is unusually fast.
You are covered in fur. (AC +1)
You have tough skin. (AC +1)


Message History

Something unseen opens the door.
Pikel zaps a wand.
Your mind is blasted!
Xom is mildly amused.
Things that are here:
a +0 club; a gnoll corpse You scratch Pikel.
Pikel is lightly wounded.
The lemure barely misses you.
A gnoll sergeant comes into view. It is wielding a +0 spear.
The lemure closely misses you. The gnoll completely misses you.
A gnoll comes into view. It is wielding a +0 club.
Pikel says, "I knew I should've brought a map."
Pikel barely misses you.
The gnoll shouts!
You scratch Pikel but do no damage.
Pikel is lightly wounded.
The lemure hits you. The gnoll barely misses you. The lemure hits you.
* * * LOW HITPOINT WARNING * * *
The lemure hits you.
* * * LOW HITPOINT WARNING * * *
Pikel hits you with a +1 whip of freezing.
* * * LOW HITPOINT WARNING * * *
Pikel freezes you.
* * * LOW HITPOINT WARNING * * *
You claw Pikel!
Pikel is moderately wounded.
The lemure hits you but does no damage.
The gnoll hits you from afar with a +0 spear.
* * * LOW HITPOINT WARNING * * *
The lemure barely misses you. Pikel hits you but does no damage.
The lemure closely misses you.
You claw Pikel!
Pikel is severely wounded.
The lemure hits you.
* * * LOW HITPOINT WARNING * * *
The lemure barely misses you.
The gnoll hits you from afar with a +0 spear.
* * * LOW HITPOINT WARNING * * *
The lemure hits you.
You die...
Xom bursts into laughter!

... #+# ... ####
#.# ....+... #.#
....##.###.#
#........##### .##
#.#......<...#
....#.#..........#
......55.........#
#.#.#5K@.........#
#g5#+#####+###
...g. ....$.#
#.#.## # #' . .


You could see Pikel, 4 lemures and 2 gnolls.

Vanquished Creatures
  An ice beast (D:3)
  A necrophage (D:4)
  3 gnolls
  3 adders (D:2)
  A worm (D:2)
  A dart slug (D:1)
  5 orcs (D:3)
  5 bats
  4 endoplasms
  A giant cockroach (D:1)
  6 goblins
  4 hobgoblins
  2 jackals (D:2)
  5 kobolds
  3 quokkas
  4 ball pythons
  5 frilled lizards
  5 rats
59 creatures vanquished.

Vanquished Creatures (others)
  4 plants (D:1)
4 creatures vanquished.

Grand Total: 63 creatures vanquished

Notes
Turn   | Place    | Note
-------+----------+-------------------------------------------
     0 | D:1      | purpskrrrp the Troll Chaos Knight began the quest for the
                  | Orb.
     0 | D:1      | Reached XP level 1. HP: 22/22 MP: 0/0
    86 | D:1      | Reached XP level 2. HP: 28/29 MP: 1/1
   204 | D:1      | XOM: potion effect (haste)
   259 | D:1      | XOM: silly message
   447 | D:1      | Reached XP level 3. HP: 36/36 MP: 2/2
  1049 | D:2      | Reached XP level 4. HP: 45/45 MP: 3/3
  1276 | D:3      | XOM: divination: detect creatures
  1395 | D:3      | Noticed an ice beast
  1401 | D:3      | Killed an ice beast
  1402 | D:3      | Reached skill level 4 in Unarmed Combat
  1402 | D:3      | Reached XP level 5. HP: 53/53 MP: 4/4
  1616 | D:5      | Entered Level 5 of the Dungeon
  1625 | D:5      | Noticed Pikel
  1625 | D:5      | Noticed a lemure
  1625 | D:5      | Noticed a lemure
  1626 | D:5      | Noticed a lemure
  1626 | D:5      | Noticed a lemure
  1633 | D:5      | Reached XP level 6. HP: 26/62 MP: 5/5
  1637 | D:5      | Slain by a lemure

Illustrated notes

Levels and vault maps discovered:
D:1:      lemuel_arrival_hallway, layout_basic, serial_bayou,
          serial_bayou_pond_e, serial_bayou_ford_a, serial_bayou_lagoon_b,
          serial_bayou_shore_a, grunt_decor_mini_mirrors
D:2:      minmay_alternating_diamond, layout_rooms, minmay_surrounded
D:3:      layout_basic
D:4:      layout_loops_corners, gammafunk_ghost_nasty_kobolds
D:5:      layout_basic, kennysheep_flooded_box, uniq_prince_ribbit1, uniq_pikel,
          uniq_eustachio

Skill      XL: |  1  2  3  4 |
---------------+-------------+-----
Dodging        | 2 3 |  3.4
Fighting       | 3 |  3.7
Unarmed Combat | 4 |  4.5

Action                   |  1- 3 |  4- 6 || total
-------------------------+-------+-------++-------
Melee: Unarmed           |    87 |    65 ||   152
       Punch             |     1 |     1 ||     2
Evoke: Piece from Xom's  |    16 |     7 ||    23
 Stab: Petrified         |     1 |       ||     1
Armor: Robe              |    37 |    36 ||    73
Dodge: Dodged            |    49 |    36 ||    85

Table legend: (Time is in decaauts)
 A = Elapsed time spent in this place.
 B = Non-inter-level travel time spent in this place.
 C = Inter-level travel time spent in this place.
 D = Time resting spent in this place.
 E = Time spent auto-exploring this place.
 F = Levels seen in this place.
 G = Mean time per level.
                   A        B        C        D        E       F      G
               +--------+--------+--------+--------+--------+-----+--------+
         Total |   1633 |   1563 |     70 |      0 |   1212 |   5 |  326.6 |
       Dungeon |   1633 |   1563 |     70 |      0 |   1212 |   5 |  326.6 |
               +--------+--------+--------+--------+--------+-----+--------+

Top non-repeatable levels by time:
     D:1: 703 daAuts
     D:2: 565 daAuts
     D:3: 207 daAuts
     D:4: 137 daAuts
     D:5: 20 daAuts
